 Dungeon Crawl Stone Soup version 0.29.1-1-gd02db69 (webtiles) character file.

Game seed: 11317214500305268792

431741 RutDarkdig the Sorcerer (level 22, -13/124 HPs)
             Began as a Deep Elf Earth Elementalist on Mar 21, 2023.
             Was the Champion of Dithmenos.
             Mangled by a vault warden
             ... wielding a +4 bardiche
              (31 damage)
             ... on level 3 of the Vaults.
             The game lasted 02:53:05 (80181 turns).

RutDarkdig the Sorcerer (DEEE)                     Turns: 80181, Time: 02:53:06

Health: -13/124    AC: 27    Str: 10    XL:     22   Next: 85%
Magic:  0/63       EV: 24    Int: 40    God:    Dithmenos [******]
Gold:   4677       SH:  0    Dex: 22    Spells: 35/73 levels left

rFire   + + .      SeeInvis +   d - +3 Elemental Staff {rElec rF++ rC++ AC+5}
rCold   + . .      Faith    .   e - +3 warlock's mirror {reflect}
rNeg    + . .      Spirit   +   U - +6 swamp dragon scales of Complete Protection {Rampage rPois Regen+ Str-3}
rPois   +          Reflect  +   g - +0 hat of Ethics {Harm Int+4 Stlth+}
rElec   +          Harm     +   H - +2 cloak of the Thief {*Fog Slay-2 SInv Stlth+}
rCorr   .          Rampage  +   b - +2 pair of gloves
Will    +++++                   s - +0 pair of boots of the King of the Hill {*Corrode rElec Will+++ Str+5}
Stlth   +++++++...              G - amulet of guardian spirit
HPRegen 1.10/turn               F - ring "Pemexov" {rC- rN+ Str+4 Dex+8}
MPRegen 0.38/turn               J - ring of magical power

@: confused, ambrosia-drunk, frozen, wreathed by umbra, studying Long Blades,
very slow
A: horns 1, clever 1
}: 2/15 runes: barnacled, gossamer
a: Renounce Religion, Shadow Step, Shadow Form


You were on level 3 of the Vaults.
You worshipped Dithmenos.
Dithmenos was exalted by your worship.
You visited 9 branches of the dungeon, and saw 41 of its levels.
You also visited: Gauntlet and Ice Cave.

You collected 8099 gold pieces.
You spent 3422 gold pieces at shops.

Inventory:

Hand Weapons
 d - the +3 Elemental Staff (weapon) {rElec rF++ rC++ AC+5}
   (You acquired it on level 3 of the Dungeon)

   If the wielder is skilled in Evocations, they can discharge powerful blasts
   of elemental energy when striking with it.
   It enhances your fire, ice, earth and air magic.
   AC:        It affects your AC (+5).
   rF:        It greatly protects you from fire.
   rC:        It greatly protects you from cold.
   rElec:     It insulates you from electricity.
 m - the +5 spear "Goblinslayer" {freeze, Fly rPois rN+ Will+}
   (You found it on level 4 of the Spider Nest)

   It freezes those it strikes, dealing additional cold damage.
   It can also slow down cold-blooded creatures.
   rPois:     It protects you from poison.
   rN:        It protects you from negative energy.
   Fly:       It grants you flight.
   Will:      It increases your willpower.
Armour
 b - a +2 pair of gloves (worn)
 e - the +3 warlock's mirror (worn) {reflect}
   (You found it on level 2 of the Depths)

   It can block and reflect piercing ranged attacks and magical attacks against
   the wielder's willpower.
 g - the +0 hat of Ethics (worn) {Harm Int+4 Stlth+}
   (You found it in a Gauntlet)

   Int:       It affects your intelligence (+4).
   Harm:      It increases damage dealt and taken.
   Stlth:     It makes you more stealthy.
 s - the +0 pair of boots of the King of the Hill (worn) {*Corrode rElec Will+++ Str+5}
   (You bought it in a shop on level 10 of the Dungeon)

   Str:       It affects your strength (+5).
   rElec:     It insulates you from electricity.
   *Corrode:  It may corrode you when you take damage.
   Will:      It greatly increases your willpower.
 H - the +2 cloak of the Thief (worn) {*Fog Slay-2 SInv Stlth+}
   (You bought it in a shop on level 10 of the Dungeon)

   It may release a thick cloud of smoke when the wearer is hurt.
   Slay:      It affects your accuracy & damage with ranged weapons and melee
   (-2).
   SInv:      It lets you see invisible.
   Stlth:     It makes you more stealthy.
 U - the +6 swamp dragon scales of Complete Protection (worn) {Rampage rPois Regen+ Str-3}
   (You bought it in a shop on level 2 of the Orcish Mines)

   Str:       It affects your strength (-3).
   rPois:     It protects you from poison.
   Regen:     It increases your rate of health regeneration.
   Rampage:   It bestows one free step when moving towards enemies.
Jewellery
 h - a ring of positive energy
 q - a ring of protection from cold
 r - a ring of willpower
 t - a ring of flight
 x - a ring of see invisible
 F - the ring "Pemexov" (left hand) {rC- rN+ Str+4 Dex+8}
   (You found it in an ice cave)

   [ring of positive energy]

   Str:       It affects your strength (+4).
   Dex:       It affects your dexterity (+8).
   rC:        It makes you vulnerable to cold.
   rN:        It protects you from negative energy.
 G - an amulet of guardian spirit (around neck)
 J - a ring of magical power (right hand)
 N - the amulet of the Suburbs {Reflect rF+ SH+5}
   (You found it on level 11 of the Dungeon)

   [amulet of reflection]

   It reflects blocked missile attacks.
   rF:        It protects you from fire.
   SH:        It affects your SH (+5).
Wands
 a - a wand of digging (2)
Scrolls
 c - 11 scrolls of butterflies
 f - 8 scrolls of fear
 j - 3 scrolls of blinking
 k - 5 scrolls of magic mapping
 l - 10 scrolls of immolation
 o - a scroll of brand weapon
 w - 10 scrolls of amnesia
 K - 3 scrolls of silence
 W - 5 scrolls of poison
Potions
 i - 15 potions of curing
 n - 3 potions of mutation
 C - 5 potions of flight
 I - 3 potions of cancellation
 L - 2 potions of invisibility
 R - a potion of resistance
 S - 6 potions of brilliance
 X - a potion of ambrosia


   Skills:
 + Level 8.8 Fighting
 + Level 5.8 Armour
 + Level 20.8 Dodging
 + Level 16.0 Stealth
 + Level 3.9 Shields
 * Level 26.4 Spellcasting
 + Level 18.1 Conjurations
 + Level 13.6 Transmutations
 + Level 18.2 Earth Magic
 + Level 11.8 Invocations


You had 35 spell levels left.
You knew the following spells:

 Your Spells              Type           Power      Damage    Failure   Level
a - Statue Form           Tmut/Erth      88%        N/A       1%          6
b - Passwall              Tmut/Erth      100%       N/A       0%          2
c - Stone Arrow           Conj/Erth      100%       3d13      0%          3
d - Petrify               Tmut/Erth      100%       N/A       0%          4
e - Lee's Rapid Deconstr  Erth           69%        3d32*     0%          5
f - Leda's Liquefaction   Hex/Erth       56%        N/A       1%          4
g - Iron Shot             Conj/Erth      69%        9d13      1%          6
h - Lehudib's Crystal Sp  Conj/Erth      69%        10d16     3%          8

Your spell library contained the following spells:

 Spells                   Type           Power      Damage    Failure   Level
 Magic Dart               Conj           100%       1d8       0%          1
 Sandblast                Erth           100%       2d20      0%          1
 Searing Ray              Conj           100%       2d8       0%          2
 Iskenderun's Battlesphe  Conj           100%       2d15      0%          5
 Apportation              Tloc           100%       N/A       1%          1
 Foxfire                  Conj/Fire      100%       2x1d9     1%          1
 Freeze                   Ice            100%       1d11      1%          1
 Necrotise                Necr           100%       1d9       1%          1
 Shock                    Conj/Air       100%       1d9       1%          1
 Sting                    Tmut/Pois      100%       1d8       1%          1
 Summon Small Mammal      Summ           100%       N/A       1%          1
 Blink                    Tloc           100%       N/A       1%          2
 Call Imp                 Summ           52%        N/A       1%          2
 Ensorcelled Hibernation  Hex/Ice        100%       N/A       1%          2
 Poisonous Vapours        Pois/Air       100%       N/A       1%          2
 Scorch                   Fire           100%       2d10      1%          2
 Static Discharge         Conj/Air       100%       3-16/arc  1%          2
 Conjure Flame            Conj/Fire      100%       6-21      1%          3
 Dazzling Flash           Conj/Hex       100%       N/A       1%          3
 Ignite Poison            Fire/Tmut/Pois 93%        N/A       1%          3
 Mephitic Cloud           Conj/Pois/Air  100%       N/A       1%          3
 Animate Armour           Summ/Erth      100%       N/A       1%          4
 Flame Wave               Conj/Fire      100%       2d21      1%          4
 Fulminant Prism          Conj/Hex       45%        3d21      1%          4
 Hailstorm                Conj/Ice       100%       3d20      1%          4
 Ice Form                 Ice/Tmut       100%       N/A       1%          4
 Iskenderun's Mystic Bla  Conj/Tloc      90%        2d18      1%          4
 Sticky Flame             Conj/Fire      100%       2d11      1%          4
 Blade Hands              Tmut           52%        N/A       1%          5
 Borgnjor's Vile Clutch   Necr/Erth      56%        N/A       1%          5
 Irradiate                Conj/Tmut      55%        3d30      1%          5
 Lightning Bolt           Conj/Air       56%        1d78      1%          5
 Yara's Violent Unravell  Hex/Tmut       41%        3d16      1%          5
 Freezing Cloud           Conj/Ice/Air   61%        6-21      2%          5
 Call Canine Familiar     Summ           52%        N/A       3%          3
 Confusing Touch          Hex            52%        N/A       3%          3
 Gell's Gravitas          Tloc           52%        N/A       3%          3
 Inner Flame              Hex/Fire       68%        N/A       3%          3
 Lesser Beckoning         Tloc           52%        N/A       3%          3
 Portal Projectile        Hex/Tloc       100%       N/A       3%          3
 Swiftness                Air            68%        N/A       3%          3
 Teleport Other           Tloc           52%        N/A       3%          3
 Conjure Ball Lightning   Conj/Air       56%        3x3d20    3%          6
 Starburst                Conj/Fire      56%        6d15      3%          6
 Dragon Form              Tmut           52%        N/A       3%          7
 Airstrike                Air            34%        2d(5-21)  10%         4
 Anguish                  Hex/Necr       26%        N/A       10%         4
 Cause Fear               Hex            26%        N/A       10%         4
 Corpse Rot               Necr/Pois/Air  68%        N/A       10%         4
 Dispel Undead            Necr           52%        3d19      10%         4
 Olgreb's Toxic Radiance  Pois           52%        N/A       10%         4
 Summon Lightning Spire   Summ/Air       68%        N/A       10%         4
 Eringya's Noxious Bog    Tmut/Pois      41%        N/A       10%         6
 Manifold Assault         Tloc           52%        N/A       26%         5
 Metabolic Englaciation   Hex/Ice        34%        N/A       26%         5
 Summon Forest            Summ/Tloc      26%        N/A       26%         5
 Death Channel            Necr           26%        N/A       83%         6
 Dispersal                Tloc           26%        N/A       83%         6
 Simulacrum               Ice/Necr       34%        N/A       83%         6
 Necromutation            Tmut/Necr      41%        N/A       99%         8
 Enfeeble                 Hex            26%        N/A       100%        7
 Haunt                    Necr/Summ      26%        N/A       100%        7
 Malign Gateway           Summ/Tloc      26%        N/A       100%        7
 Summon Hydra             Summ           26%        N/A       100%        7
 Borgnjor's Revivificati  Necr           26%        N/A       100%        8
 Discord                  Hex            26%        N/A       100%        8
 Disjunction              Tloc           26%        N/A       100%        8
 Summon Horrible Things   Summ           26%        N/A       100%        8
 Chain Lightning          Conj/Air       56%        3d74      100%        9
 Death's Door             Necr           26%        N/A       100%        9
 Dragon's Call            Summ           26%        N/A       100%        9
 Polar Vortex             Ice            34%        N/A       100%        9


Dungeon Overview and Level Annotations

Branches:
Dungeon (15/15)            Temple (1/1) D:6            Lair (5/5) D:9
 Shoals (4/4) Lair:3       Spider (4/4) Lair:2        Slime (0/5) Lair:5
    Orc (2/2) D:11            Elf (3/3) Orc:2        Vaults (3/5) D:14
  Crypt (0/3) Vaults:2     Depths (4/4) D:15            Zot (0/5) Depths:4
  IceCv (visited)         Gauntlet (visited)

Altars:
Ashenzari
Cheibriados
Dithmenos
Elyvilon
Fedhas
Gozag
Hepliaklqana
Kikubaaqudgha
Makhleb
Nemelex Xobeh
Okawaru
Qazlal
Ru
Sif Muna
Trog
Uskayaw
Vehumet
Wu Jian
Xom
Yredelemnul
Zin
The Shining One
Jiyva

Shops:
D:10 ([[?   Orc:2 [*(!   Elf:2 =   Vaults:1 [   Depths:1 [   Depths:2 ?
Depths:3 ([   Depths:4 ::

Portals:
Hell: Depths:1 Depths:2 Depths:3 Depths:4
Abyss: Depths:3 Depths:4
Pandemonium: Depths:2 Depths:3
Ziggurat: Depths:1
Trove: Elf:2 (give +2 storm dragon scales)

Annotations:
D:3 3 runed translucent doors, mdmota's ghost, amateur DjCK
Lair:5 2 transporters, Adireryl's ghost, journeyman HOFi


Innate Abilities, Weirdness & Mutations

You have a pair of small horns on your head.
Your mind is acute. (Int +4, Str/Dex -1)


Message History

You block the yaktaur's attack. You block the sphinx's attack.
The sphinx hits you but does no damage. The sphinx misses you.
The ironbound frostheart touches you but does no damage.
The vault warden hits you but does no damage.
Aiming: Throw Flame
Press: ? - help, Shift-Dir - straight line, f/p - yaktaur
Aim: a yaktaur (black smoke, almost dead, umbra, 93% to hit)
The puff of flame hits the yaktaur.
You kill the yaktaur!
Dithmenos accepts your kill.
The now-empty wand crumbles to dust.
The sphinx hits you but does no damage. You block the sphinx's attack.
The sphinx closely misses you.
You block the ironbound frostheart's attack.
The vault warden hits you from afar with a +4 bardiche!!
You emit a cloud of dark smoke.
Okay, then.
Okay, then.
You feel much better.
The sphinx mumbles some strange words.
Something smites you!
You block the ironbound frostheart's attack.
You block the vault warden's attack.
Unknown command.
You are confused.
You feel invigorated. The sphinx hits you. The sphinx completely misses you.
The sphinx hits you but does no damage.
The ironbound frostheart touches you but does no damage.
The vault warden hits you from afar with a +4 bardiche!
* * * LOW HITPOINT WARNING * * *
Unknown command.
The sphinx casts a spell.
Something smites you!
* * * LOW HITPOINT WARNING * * *
You bump into the metal wall.
The ironbound frostheart calls freezing cold from the walls.
The frost grips you! You partially resist.
* * * LOW HITPOINT WARNING * * *
You are encased in ice.
The vault warden hits you from afar with a +4 bardiche!!
You die...

##.#. #.#§# #######+##
#.....§.)##############
#........+....#[.#....#
#..§§§§§)#.†))'[.'....#
#..§§p§§§#...[#..#....#
#..§§pH§§#...##..##...'
+..§§§@§§##'##....##'##
###+###+######............#
#........# #............#
#........# ##'##....##'##
#........# ...##..##...#
#........# ... .. ..
#........# #........#
#........#


You could see a sphinx, a vault warden and an ironbound frostheart.

Vanquished Creatures
  Mennas (Vaults:2)
  A juggernaut (Depths:3)
  Bai Suzhen (Shoals:2)
  Frederick (Vaults:2)
  Saint Roka (Depths:2)
  A golden dragon (Depths:1)
  The ghost of Ewetirimn the Executioner, an adept MiBe of Trog (Elf:1)
  A bone dragon (Depths:4)
  A pearl dragon (Depths:2)
  A hellephant (Depths:2)
  A tentacled monstrosity (Depths:4)
  Rupert (Lair:5)
  A walking earthen tome (Depths:3)
  4 liches
  Asterion (Depths:1)
  3 deep elf master archers (Elf:3)
  3 walking frostbound tomes
  2 deep elf blademasters
  Frances (Shoals:2)
  2 sphinxes
  Gastronok (D:8)
  Kirke (Spider:4)
  2 shadow dragons
  4 tengu reavers
  3 storm dragons
  Donald (Vaults:3)
  9 fire giants
  A draconian knight (Depths:4)
  16 frost giants
  4 emperor scorpions (Spider:4)
  Ilsuiw (Shoals:4)
  Roxanne (Spider:3)
  2 orc warlords
  8 deep elf sorcerers
  8 vault wardens
  2 deep elf elementalists (Elf:3)
  A ghoul (Vaults:2)
  A war gargoyle (Vaults:3)
  A draconian stormcaller (Depths:4)
  15 ironbound preservers
  A spriggan defender (Depths:2)
  16 very ugly things
  The ghost of Xokhliot the Fighter, a journeyman MiFi of Okawaru (D:15)
  2 deep elf demonologists (Elf:3)
  3 ironbound thunderhulks
  18 stone giants
  3 vampire knights
  10 deep elf annihilators
  A white draconian (Depths:4)
  A purple draconian (Depths:4)
  A dire elephant (shapeshifter) (Depths:2)
  3 entropy weavers
  7 dire elephants
  2 minotaurs
  A yellow draconian (Depths:4)
  A jiangshi (Vaults:2)
  A spark wasp (Spider:4)
  14 ettins
  Snorg (Lair:3)
  12 merfolk impalers
  5 deep elf death magi (Elf:3)
  Josephine (D:14)
  6 yaktaur captains
  Fannar (Lair:1)
  8 merfolk javelineers
  13 fire dragons
  4 deep elf high priests (Elf:3)
  3 rakshasas
  6 great orbs of eyes
  Erolcha (D:13)
  5 hydras
  11 boulder beetles
  The ghost of RutDarkdig the Spry, a journeyman SpEE of Vehumet (D:11)
  9 ice dragons
  15 vault guards
  10 spriggan air magi
  2 catoblepae
  7 two-headed ogres
  2 jorogumos (Spider:4)
  Erica (D:11)
  3 merfolk avatars
  An anaconda (Lair:5)
  2 merfolk aquamancers
  20 dancing weapons
  An alligator snapping turtle (Shoals:4)
  4 satyrs
  4 centaur warriors
  8 ironbound frosthearts
  7 death yaks
  8 radroaches
  9 deep troll earth magi
  12 hell hogs
  10 spriggan berserkers
  8 orc high priests
  10 tengu warriors
  5 deep troll shamans
  2 thrashing horrors (Gauntlet)
  A vampire mage (Depths:2)
  Urug (Orc:2)
  10 deep elf knights
  4 spriggans
  Sonja (Lair:1)
  4 sun moths (Spider:4)
  An iron troll (shapeshifter) (Depths:4)
  A shadow wraith (Shoals:1)
  A skeletal warrior (D:14)
  A swamp dragon (Lair:5)
  Amaemon (Lair:1)
  8 pharaoh ants
  A death drake (shapeshifter) (Depths:3)
  2 flayed ghosts
  2 glowing orange brains (Depths:3)
  9 steelbarb worms
  14 sea snakes
  6 orb spiders
  8 orc knights
  5 deep elf archers
  8 ironbound convokers
  42 deep trolls
  2 phantasmal warriors (Vaults:3)
  Pikel (D:6)
  25 harpies
  7 wizards
  17 deep elf zephyrmancers
  22 deep elf pyromancers
  3 necromancers
  7 lindwurms
  16 wolf spiders
  7 orc sorcerers
  34 ugly things
  12 fauns
  10 cyclopes
  2 moths of wrath (Spider:4)
  A moth of wrath (shapeshifter) (Depths:4)
  14 manticores
  A manticore (shapeshifter) (D:14)
  9 slime creatures
  21 elephants
  A guardian serpent (Lair:5)
  9 black mambas
  8 merfolk sirens
  An ice statue (IceCv)
  2 gargoyles
  11 vault sentinels
  Joseph (D:8)
  An eye of devastation (Gauntlet)
  6 water nymphs
  An orange demon (Lair:1)
  8 torpor snails
  12 cane toads
  9 rime drakes
  6 demonic crawlers
  An efreet (D:14)
  4 unseen horrors
  5 freezing wraiths
  20 yaktaurs
  12 ice devils (IceCv)
  12 komodo dragons
  An anaconda simulacrum (IceCv)
  7 tengu conjurers
  47 merfolk
  21 tarantellas
  5 wind drakes
  3 meliai (Spider:4)
  7 hornets
  8 trolls
  12 snapping turtles
  11 blink frogs
  4 dream sheep (Shoals:2)
  2 air elementals
  10 flying skulls (Gauntlet)
  33 jumping spiders
  Sigmund (D:2)
  A shadow (D:9)
  17 culicivoras
  15 wyverns
  7 wraiths
  4 dire elephant simulacra (IceCv)
  10 water elementals
  24 yaks
  5 basilisks
  5 chaos spawn (Depths:3)
  5 fire elementals
  4 steam dragons
  A golden eye (Gauntlet)
  53 redbacks
  11 vampire mosquitoes
  5 wargs
  Edmund (D:6)
  7 death yak simulacra (IceCv)
  2 harpy simulacra (IceCv)
  4 large abominations (Depths:3)
  A hydra simulacrum (IceCv)
  5 acid dragons
  23 water moccasins
  2 floating eyes
  4 black bears
  40 orc warriors
  2 swamp drakes (Lair:5)
  A sky beast (D:7)
  6 ogres
  5 small abominations
  15 wolves
  13 boggarts
  10 centaurs
  A phantom (D:7)
  2 lemures
  A necrophage (D:7)
  3 gnoll sergeants
  A kobold brigand (D:10)
  7 bullfrogs
  2 cane toad simulacra (IceCv)
  6 scorpions
  6 earth elementals
  An elephant simulacrum (IceCv)
  5 killer bees (D:10)
  An electric eel (Lair:1)
  2 howler monkeys
  3 hounds
  2 jellies
  29 orc priests
  Crazy Yiuf (D:6)
  34 orc wizards
  11 iguanas
  7 hell rats (Lair:4)
  3 spriggan simulacra (IceCv)
  A troll simulacrum (IceCv)
  5 polar bear simulacra (IceCv)
  5 wolf simulacra (IceCv)
  A naga simulacrum (IceCv)
  7 adders
  19 gnolls
  A shadow imp (D:3)
  2 ufetubi
  3 worms
  3 dart slugs
  92 orcs
  4 bats
  9 endoplasms
  4 giant cockroaches
  4 goblins
  10 hobgoblins
  3 jackals (D:1)
  10 kobolds
  4 quokkas
  8 ball pythons
  2 frilled lizards
  7 rats
1719 creatures vanquished.

Vanquished Creatures (collateral kills)
  2 flying skulls (Gauntlet)
2 creatures vanquished.

Vanquished Creatures (others)
  A deep troll earth mage (Depths:3)
  A glowing orange brain (Depths:3)
  4 humans (Spider:4)
  94 fungi
  187 plants
  3 withered plants
290 creatures vanquished.

Grand Total: 2011 creatures vanquished

Notes
Turn   | Place    | Note
-------+----------+-------------------------------------------
     0 | D:1      | RutDarkdig the Deep Elf Earth Elementalist began the quest
                  | for the Orb.
     0 | D:1      | Reached XP level 1. HP: 10/10 MP: 6/6
   185 | D:1      | Reached XP level 2. HP: 15/15 MP: 3/8
   304 | D:1      | Learned a level 2 spell: Passwall
   671 | D:1      | Reached skill level 4 in Spellcasting
   982 | D:1      | Reached XP level 3. HP: 19/19 MP: 8/10
   986 | D:1      | Learned a level 3 spell: Stone Arrow
  1416 | D:2      | Found a stormy altar of Qazlal.
  1513 | D:2      | Noticed Sigmund
  1567 | D:2      | Killed Sigmund
  1568 | D:2      | Reached skill level 5 in Spellcasting
  1568 | D:2      | Reached XP level 4. HP: 24/24 MP: 7/13
  1568 | D:2      | Reached XP level 5. HP: 28/28 MP: 7/14
  2406 | D:3      | Found a runed translucent gate.
  2407 | D:3      | Found a runed translucent gate.
  2414 | D:3      | Found a runed translucent gate.
  2414 | D:3      | Noticed mdmota's ghost (amateur DjCK)
  2556 | D:3      | Reached XP level 6. HP: 32/32 MP: 14/16
  2687 | D:3      | Identified a scroll of acquirement
  2693 | D:3      | Acquired the +3 Elemental Staff {rElec rF++ rC++ AC+5}
  2693 | D:3      | Found the +3 Elemental Staff {rElec rF++ rC++ AC+5}
  3337 | D:4      | Reached skill level 5 in Earth Magic
  3649 | D:4      | Reached skill level 6 in Spellcasting
  3777 | D:4      | Reached skill level 5 in Conjurations
  3849 | D:4      | Reached XP level 7. HP: 36/36 MP: 14/18
  4661 | D:4      | Found a burning altar of Makhleb.
  4661 | D:4      | Found a bloodstained altar of Trog.
  4669 | D:4      | Found a stormy altar of Qazlal.
  4671 | D:4      | Found a shimmering altar of Xom.
  4673 | D:4      | Found an ornate altar of the Wu Jian Council.
  4759 | D:5      | Entered Level 5 of the Dungeon
  5441 | D:5      | Found a glowing silver altar of Zin.
  5549 | D:5      | Gained mutation: Your movements are slightly less
                  | encumbered by armour. (ER -2) [potion of mutation]
  5589 | D:5      | Reached XP level 8. HP: 41/41 MP: 12/20
  5596 | D:5      | Reached skill level 7 in Spellcasting
  6152 | D:6      | Noticed Pikel
  6537 | D:6      | Killed Pikel
  6538 | D:6      | Reached skill level 5 in Dodging
  6538 | D:6      | Reached skill level 5 in Stealth
  6741 | D:6      | Found a runed translucent door.
  6742 | D:6      | Noticed Crazy Yiuf
  6790 | D:6      | Killed Crazy Yiuf
  7043 | D:6      | Found a staircase to the Ecumenical Temple.
  7063 | Temple   | Entered the Ecumenical Temple
  7216 | Temple   | Became a worshipper of Dithmenos the Shadowed
  7274 | D:6      | Reached XP level 9. HP: 45/45 MP: 7/22
  7415 | D:6      | Noticed Edmund
  7419 | D:6      | Killed Edmund
  7642 | D:7      | Reached skill level 1 in Invocations
  7729 | D:7      | Noticed a troll
  7731 | D:7      | Reached skill level 8 in Spellcasting
  7736 | D:7      | Killed a troll
  7858 | D:7      | Found an opulent altar of Gozag.
  8981 | D:8      | Reached * piety under Dithmenos
  8982 | D:8      | Noticed Joseph
  9091 | D:8      | Noticed Gastronok
  9839 | D:9      | Reached XP level 10. HP: 50/50 MP: 18/24
 10276 | D:9      | Found a staircase to the Lair.
 10324 | D:9      | Reached skill level 9 in Spellcasting
 10539 | D:9      | Acquired 1319 gold pieces
 11253 | D:10     | Entered Level 10 of the Dungeon
 11254 | D:10     | Found Wistrou's Magic Scroll Shoppe.
 11254 | D:10     | Found Utisen's Antique Armour Emporium.
 11293 | D:10     | Reached ** piety under Dithmenos
 11387 | D:10     | Bought a pair of shimmering boots for 152 gold pieces
 11387 | D:10     | Identified the +0 pair of boots of the King of the Hill
                  | {*Corrode rElec Will+++ Str+5} (You bought it in a shop on
                  | level 10 of the Dungeon)
 11403 | D:10     | Noticed a gargoyle
 11408 | D:10     | Killed a gargoyle
 11454 | D:10     | Bought a scroll of teleportation for 33 gold pieces
 11454 | D:10     | Bought a scroll of enchant armour for 82 gold pieces
 11454 | D:10     | Bought a scroll of enchant armour for 82 gold pieces
 11500 | Lair:1   | Entered Level 1 of the Lair of Beasts
 11713 | Lair:1   | Noticed Sonja
 11718 | Lair:1   | Killed Sonja
 11857 | Lair:1   | Noticed Fannar
 11857 | Lair:1   | You fall into a shaft and drop 1 floor!
 11859 | Lair:2   | Noticed a boulder beetle
 11900 | Lair:2   | Found a hole to the Spider Nest.
 11925 | Lair:2   | Noticed a cane toad
 11931 | Lair:2   | Noticed a cane toad
 12012 | Lair:2   | Reached XP level 11. HP: 34/54 MP: 15/26
 12124 | Lair:1   | Killed Fannar
 12125 | Lair:1   | Reached skill level 10 in Dodging
 12125 | Lair:1   | Reached skill level 10 in Spellcasting
 12407 | Lair:1   | Noticed Amaemon
 12410 | Lair:1   | Noticed a four-headed hydra
 12416 | Lair:1   | Killed a four-headed hydra
 12428 | Lair:1   | Killed Amaemon
 13041 | Lair:1   | Noticed a catoblepas
 13965 | Lair:2   | Reached skill level 11 in Spellcasting
 14219 | Lair:2   | Reached *** piety under Dithmenos
 14508 | Lair:3   | Found a staircase to the Shoals.
 14540 | Lair:3   | Noticed Snorg
 14550 | Lair:3   | Noticed a death yak
 14556 | Lair:3   | Noticed a death yak
 14558 | Lair:3   | Noticed a death yak
 14818 | Lair:3   | Reached skill level 10 in Conjurations
 14948 | Lair:3   | Reached XP level 12. HP: 59/59 MP: 19/29
 15495 | Lair:3   | Noticed a death yak
 15495 | Lair:3   | Noticed a death yak
 15495 | Lair:3   | Noticed a death yak
 15689 | D:10     | Found Xorghocu's Weapon Boutique.
 15724 | D:10     | Noticed a two-headed ogre
 15735 | D:10     | Killed a two-headed ogre
 15736 | D:10     | Reached skill level 10 in Earth Magic
 16112 | D:10     | Found Pylano's Armour Shop.
 16218 | D:10     | Bought the +2 cloak of the Thief {*Fog Slay-2 SInv Stlth+}
                  | for 301 gold pieces
 16218 | D:10     | Found the +2 cloak of the Thief {*Fog Slay-2 SInv Stlth+}
 16406 | D:10     | Noticed a two-headed ogre
 16413 | D:10     | Killed a two-headed ogre
 16780 | D:10     | Learned a level 4 spell: Petrify
 16786 | D:10     | Learned a level 5 spell: Lee's Rapid Deconstruction
 16964 | D:8      | Killed Gastronok
 16967 | D:8      | Noticed a two-headed ogre
 17061 | D:8      | Killed Joseph
 17494 | D:8      | Killed a two-headed ogre
 17495 | D:8      | Reached skill level 12 in Spellcasting
 17714 | D:11     | Found a staircase to the Orcish Mines.
 17761 | D:11     | Reached **** piety under Dithmenos
 18002 | D:11     | Identified the +1 spear "Janur" {vorpal, Will+ Dex+4}
 18063 | D:11     | Noticed Erica
 18072 | D:11     | Killed Erica
 18344 | D:11     | Identified the amulet of the Suburbs {Reflect rF+ SH+5}
 18492 | D:11     | Found a runed translucent door.
 18496 | D:11     | Noticed RutDarkdig's ghost (journeyman SpEE)
 18729 | D:11     | Killed RutDarkdig's ghost
 18903 | Orc:1    | Entered Level 1 of the Orcish Mines
 19464 | Orc:2    | Entered Level 2 of the Orcish Mines
 19464 | Orc:2    | Noticed a two-headed ogre
 19468 | Orc:2    | Killed a two-headed ogre
 19546 | Orc:2    | Noticed a two-headed ogre
 19552 | Orc:2    | Killed a two-headed ogre
 19643 | Orc:1    | Reached skill level 10 in Stealth
 20090 | Orc:2    | Noticed an orc high priest
 20188 | Orc:2    | Killed an orc high priest
 20189 | Orc:2    | Reached XP level 13. HP: 63/63 MP: 25/31
 20407 | Orc:2    | Found a staircase to the Elven Halls.
 20663 | Orc:2    | Noticed an orc warlord
 21118 | Lair:1   | Reached skill level 13 in Spellcasting
 22014 | Lair:3   | Killed Snorg
 22497 | Lair:4   | Reached ***** piety under Dithmenos
 22498 | Lair:4   | Reached skill level 15 in Dodging
 22658 | Lair:4   | Found a gate leading to a gauntlet.
 22667 | Gauntlet | Entered a Gauntlet
 22667 | Gauntlet | Found a transporter.
 22667 | Gauntlet | Found a transporter.
 22667 | Gauntlet | Found a transporter.
 22667 | Gauntlet | Found a transporter.
 22679 | Gauntlet | Found a transporter.
 22679 | Gauntlet | Found a transporter.
 22689 | Gauntlet | Found a transporter.
 22693 | Gauntlet | Found a transporter.
 22703 | Gauntlet | Found a transporter.
 22805 | Gauntlet | Found a transporter.
 22809 | Gauntlet | Found a transporter.
 22823 | Gauntlet | Found the +0 pair of fencer's gloves {Riposte Dex+3}
 22825 | Gauntlet | Found a transporter.
 22903 | Gauntlet | Paralysed by a floating eye for 4 turns
 23069 | Gauntlet | Identified the +0 hat of Ethics {Harm Int+4 Stlth+}
 23219 | Gauntlet | Reached skill level 14 in Spellcasting
 23500 | Gauntlet | Noticed a minotaur
 23513 | Gauntlet | Killed a minotaur
 24726 | Lair:4   | Reached XP level 14. HP: 57/68 MP: 29/34
 26648 | Orc:2    | Reached skill level 15 in Spellcasting
 28041 | D:12     | Reached ****** piety under Dithmenos
 28638 | D:13     | Found a frozen archway.
 28645 | IceCv    | Entered an ice cave
 28715 | IceCv    | Reached skill level 5 in Invocations
 29094 | IceCv    | Found an ancient bone altar of Kikubaaqudgha.
 29409 | IceCv    | Identified the ring "Pemexov" {rC- rN+ Str+4 Dex+8}
 30152 | D:13     | Identified the +10 whip "Venu" {flame, rF+ Str+5 Dex+3}
 30718 | D:13     | Reached skill level 16 in Spellcasting
 30830 | D:13     | Noticed Erolcha
 30860 | D:13     | Killed Erolcha
 31531 | Orc:2    | Killed an orc warlord
 31659 | Orc:2    | Noticed Urug
 31834 | Orc:2    | Reached XP level 15. HP: 60/72 MP: 20/37
 31834 | Orc:2    | Killed Urug
 31965 | Orc:2    | Found Iplirues's Weapon Shoppe.
 31965 | Orc:2    | Found Wean's Distillery.
 31966 | Orc:2    | Found Jupo's Armour Shoppe.
 31966 | Orc:2    | Found Ebothom's General Store.
 31976 | Orc:2    | Bought a potion of curing for 54 gold pieces
 31976 | Orc:2    | Bought a potion of heal wounds for 90 gold pieces
 31976 | Orc:2    | Bought a scroll of fear for 72 gold pieces
 31977 | Orc:2    | Bought a potion of curing for 45 gold pieces
 31977 | Orc:2    | Bought a potion of mutation for 120 gold pieces
 31977 | Orc:2    | Bought a potion of heal wounds for 75 gold pieces
 31977 | Orc:2    | Bought a potion of mutation for 120 gold pieces
 31977 | Orc:2    | Bought a potion of curing for 45 gold pieces
 31977 | Orc:2    | Bought a potion of resistance for 150 gold pieces
 31977 | Orc:2    | Bought a potion of heal wounds for 75 gold pieces
 31977 | Orc:2    | Bought a potion of brilliance for 60 gold pieces
 31980 | Orc:2    | Bought a +0 pair of boots of stealth for 161 gold pieces
 31980 | Orc:2    | Bought the +6 swamp dragon scales of Complete Protection
                  | {Rampage rPois Regen+ Str-3} for 1129 gold pieces
 32168 | D:14     | Noticed Josephine
 32176 | D:14     | Killed Josephine
 33211 | D:14     | Found a gate to the Vaults.
 33239 | D:14     | Reached skill level 1 in Fighting
 33678 | D:14     | Reached skill level 17 in Spellcasting
 34076 | D:14     | Found a glowing golden altar of the Shining One.
 34384 | Lair:5   | Entered Level 5 of the Lair of Beasts
 34880 | Lair:5   | Found a transporter.
 34883 | Lair:5   | Noticed Adireryl's ghost (journeyman HOFi)
 34926 | Lair:5   | Found a transporter.
 35161 | Lair:5   | Found a viscous altar of Jiyva.
 35162 | Lair:5   | Found a staircase to the Slime Pits.
 36296 | Lair:5   | Reached skill level 18 in Spellcasting
 36372 | Lair:5   | Reached XP level 16. HP: 83/83 MP: 37/40
 36529 | Lair:5   | Noticed Rupert
 36701 | Lair:5   | Killed Rupert
 36790 | Lair:5   | Identified the +3 falchion "Brush" {antimagic, rC++ Stlth+}
 37493 | D:15     | Entered Level 15 of the Dungeon
 37493 | D:15     | Found a runed translucent gate.
 37494 | D:15     | Found a runed translucent gate.
 37494 | D:15     | Found a runed translucent gate.
 38165 | D:15     | Learned a level 4 spell: Leda's Liquefaction
 38166 | D:15     | Found a staircase to the Depths.
 38811 | D:15     | Identified the +4 trident of Vecyuh {vorpal, Will++ Int-5
                  | Dex+2}
 38955 | D:15     | Found a sacrificial altar of Ru.
 39058 | D:15     | Noticed Xokhliot's ghost (journeyman MiFi)
 39218 | Shoals:1 | Entered Level 1 of the Shoals
 39764 | Shoals:1 | Got the Excursus on Sepulchral Combat Magic
 40284 | Shoals:2 | Reached skill level 19 in Spellcasting
 40355 | Shoals:2 | Noticed Frances
 40362 | Shoals:2 | Killed Frances
 42981 | Shoals:1 | Found the +7 Spriggan's Knife {stab, EV+4 Stlth+}
 43023 | Shoals:3 | Noticed Bai Suzhen
 43390 | Shoals:2 | Killed Bai Suzhen
 43391 | Shoals:2 | Reached skill level 5 in Fighting
 43741 | Shoals:3 | Reached XP level 17. HP: 92/92 MP: 42/42
 44065 | Shoals:3 | Reached skill level 20 in Spellcasting
 45221 | Shoals:3 | Reached skill level 10 in Invocations
 45652 | Shoals:4 | Entered Level 4 of the Shoals
 45874 | Spider:1 | Entered Level 1 of the Spider Nest
 46256 | Spider:1 | Reached skill level 15 in Conjurations
 46629 | Spider:1 | Reached skill level 15 in Earth Magic
 47032 | Spider:1 | Reached skill level 21 in Spellcasting
 48044 | Spider:2 | Identified the +10 falchion of Victory {drain, Str+3}
 48046 | Spider:2 | Identified the +1 robe "Gaet" {rC+ Regen+ Dex+4}
 48207 | Spider:2 | Found a hide-covered altar of Uskayaw.
 48758 | Spider:2 | Gained mutation: You are frail. (-10% HP) [mutagenic glow]
 49001 | Spider:3 | Identified the +0 hat "Icsuecle" {rPois Int-2 Stlth+}
 49176 | Spider:3 | Identified Roxanne's Precepts of the Quarry
 49176 | Spider:3 | Noticed Roxanne
 49196 | Spider:3 | Killed Roxanne
 49216 | Spider:3 | Learned a level 6 spell: Iron Shot
 49694 | Spider:3 | Found a transporter.
 49695 | Spider:3 | Found a transporter.
 50194 | Spider:4 | Entered Level 4 of the Spider Nest
 50205 | Spider:4 | Reached XP level 18. HP: 88/88 MP: 26/45
 51050 | Spider:4 | Noticed Kirke
 51136 | Spider:4 | Killed Kirke
 51576 | Spider:4 | Reached skill level 22 in Spellcasting
 52253 | Spider:4 | Identified the +5 spear "Goblinslayer" {freeze, Fly rPois
                  | rN+ Will+}
 52594 | Spider:4 | Identified the +0 robe of the Prince of Darkness {Int+5}
 52688 | Spider:4 | Identified the +0 hat of Fun {Dex+2}
 52699 | Spider:4 | Got a gossamer rune of Zot
 53087 | Vaults:1 | Entered Level 1 of the Vaults
 53492 | Vaults:1 | Found Wyonaama's Antique Armour Emporium.
 54928 | Vaults:1 | Identified the amulet of Hese {Acrobat rPois rC+}
 55523 | Vaults:2 | Reached skill level 23 in Spellcasting
 55964 | Vaults:2 | Reached XP level 19. HP: 93/93 MP: 48/48
 57099 | Vaults:2 | Noticed Frederick
 57105 | Vaults:2 | Killed Frederick
 57287 | Vaults:2 | Noticed Mennas
 57965 | Shoals:4 | Noticed Ilsuiw
 58275 | Shoals:4 | Killed Ilsuiw
 58945 | Shoals:4 | Got a barnacled rune of Zot
 59167 | Shoals:4 | Reached skill level 1 in Armour
 59181 | Shoals:4 | Reached skill level 24 in Spellcasting
 59549 | Shoals:4 | Identified the +10 flail "Roirr" {speed, rPois rN+}
 60043 | Shoals:4 | Identified the +1 robe "Wyrgh" {Harm *Slow rPois rF++}
 60329 | Depths:1 | Entered Level 1 of the Depths
 60399 | D:15     | Killed Xokhliot's ghost
 60893 | Depths:1 | Found a one-way gateway to a ziggurat.
 61073 | Depths:1 | Noticed a golden dragon
 61083 | Depths:1 | Killed a golden dragon
 61646 | Depths:1 | Reached XP level 20. HP: 96/99 MP: 43/50
 61984 | Depths:1 | Found a blossoming altar of Fedhas.
 62052 | Depths:1 | Found a gateway to Hell.
 62252 | Depths:1 | Found Agihaon's Armour Boutique.
 62295 | Depths:1 | Noticed Asterion
 62300 | Depths:1 | Killed Asterion
 62560 | Depths:1 | Found an ornate altar of the Wu Jian Council.
 63026 | Depths:1 | Learned a level 6 spell: Statue Form
 63238 | Depths:2 | Identified the +3 scimitar "Naranut" {speed, MP+9}
 63414 | Depths:2 | Got the Quarto of Evil Cold
 63473 | Depths:2 | Reached skill level 5 in Transmutations
 63684 | Depths:2 | Noticed a pearl dragon
 63725 | Depths:2 | Killed a pearl dragon
 63731 | Depths:2 | Noticed Saint Roka
 64247 | Vaults:2 | Found a staircase to the Crypt.
 65437 | Elf:1    | Entered Level 1 of the Elven Halls
 65620 | Elf:1    | Found a runed translucent door.
 66036 | Elf:1    | Paralysed by an air elemental for 1 turns
 66040 | Elf:1    | Reached skill level 10 in Transmutations
 66860 | Elf:1    | Noticed Ewetirimn's ghost (adept MiBe)
 66872 | Elf:1    | Killed Ewetirimn's ghost
 66971 | Elf:2    | Found Kobb's Jewellery Shoppe.
 67146 | Elf:2    | Identified the +8 dagger "Ylygoada" {spect, rC+ rN+ Str+3
                  | Dex+2}
 67621 | Elf:2    | Found a huge runed translucent gate.
 67621 | Elf:2    | Found a huge runed translucent gate.
 67621 | Elf:2    | Found a huge runed translucent gate.
 67621 | Elf:2    | Found a huge runed translucent gate.
 67621 | Elf:2    | Found a huge runed translucent gate.
 67729 | Elf:2    | Found a portal to a secret trove of treasure.
 67765 | Elf:2    | Lost mutation: You are frail. (-10% HP) [potion of
                  | mutation]
 67765 | Elf:2    | Lost mutation: Your movements are slightly less encumbered
                  | by armour. (ER -2) [potion of mutation]
 67765 | Elf:2    | Gained mutation: You are clumsy. (Dex -2) [potion of
                  | mutation]
 67766 | Elf:2    | Lost mutation: You are clumsy. (Dex -2) [potion of
                  | mutation]
 67766 | Elf:2    | Gained mutation: Your mind is acute. (Int +4, Str/Dex -1)
                  | [potion of mutation]
 67766 | Elf:2    | Gained mutation: You have a pair of small horns on your
                  | head. [potion of mutation]
 68991 | Elf:3    | Entered Level 3 of the Elven Halls
 69179 | Elf:3    | Reached XP level 21. HP: 116/116 MP: 38/51
 69359 | Elf:3    | Reached skill level 25 in Spellcasting
 69814 | Elf:3    | Identified the +3 hand axe "Viusabeesk" {pain, rC+ rCorr
                  | Dex+2}
 70171 | Elf:3    | Identified the ring "Elihopp" {rF+ AC+4}
 70347 | Elf:3    | Identified the +1 buckler of Submission {Int+4 Stlth+}
 70575 | Elf:3    | Got Meer Dey's Handbook of Singed Minerals
 70578 | Elf:3    | Identified the +5 eveningstar "Plog" {vorpal, Will+ Dex+6}
 70584 | Elf:3    | Got the Compendium of Mortification
 70585 | Elf:3    | Identified the +7 dagger of the Present {elec, *Corrode
                  | rC+++ Dex+2 Stlth+}
 70587 | Elf:3    | Got Xorhomim's Papyrus of the Merchant
 70590 | Elf:3    | Identified the +6 scale mail of Exclusion {Int+9 Dex-5}
 70592 | Elf:3    | Got the Vellum of the Atmosphere
 71559 | Depths:2 | Found the +3 warlock's mirror {reflect}
 71592 | Depths:2 | Learned a level 8 spell: Lehudib's Crystal Spear
 71764 | Depths:2 | Reached skill level 1 in Shields
 71789 | Depths:2 | Found a one-way gate leading to the halls of Pandemonium.
 71817 | Depths:2 | Found Dopol's Magic Scroll Emporium.
 71967 | Depths:2 | Bought a scroll of blinking for 157 gold pieces
 71967 | Depths:2 | Bought a scroll of teleportation for 63 gold pieces
 71967 | Depths:2 | Bought a scroll of blinking for 157 gold pieces
 72258 | Depths:2 | Reached skill level 15 in Stealth
 72672 | Depths:2 | Identified the +7 long sword of the Purple Skies {spect,
                  | Str+4}
 73067 | Depths:2 | Killed Saint Roka
 73497 | Depths:3 | Found Yhumerie's Antique Weapon Emporium.
 74429 | Depths:3 | Found Cunopsuf's Antique Armour Shop.
 74435 | Depths:3 | Bought a transparent robe for 199 gold pieces
 74435 | Depths:3 | Identified the +0 robe of the Tired Beggars {Dex+6} (You
                  | bought it in a shop on level 3 of the Depths)
 74649 | Depths:3 | Noticed a juggernaut
 74652 | Depths:3 | Killed a juggernaut
 74653 | Depths:3 | Reached XP level 22. HP: 122/122 MP: 31/53
 75125 | Depths:3 | Reached skill level 5 in Armour
 75575 | Depths:3 | Found a one-way gate to the infinite horrors of the Abyss.
 76111 | Depths:4 | Entered Level 4 of the Depths
 77030 | Depths:4 | Found a stormy altar of Qazlal.
 77199 | Depths:4 | Reached skill level 26 in Spellcasting
 77477 | Depths:4 | Noticed a golden dragon
 77478 | Depths:4 | a golden dragon changed into an iron giant
 77978 | Depths:4 | Found a gate to the Realm of Zot.
 78204 | Depths:4 | Found Ishreb's Book Shop.
 78211 | Depths:4 | Found Veenom's Book Boutique.
 78629 | Vaults:2 | Killed Mennas
 79087 | Vaults:3 | Identified the +9 great mace "Okoqej" {freeze, rPois}
 79150 | Vaults:3 | Noticed Donald
 79158 | Vaults:3 | Killed Donald
 79759 | Vaults:3 | Found the +8 lance "Wyrmbane" {slay drac, rPois rF+ rC+
                  | AC+3}
 79860 | Vaults:3 | Found the +7 great mace "Firestarter" {inner flame, rF++}
 80181 | Vaults:3 | Mangled by a vault warden

Illustrated notes

Levels and vault maps discovered:
D:1:      dpeg_arrival_leaves_temple_mockup, layout_basic
D:2:      layout_basic, basic_altar, nicolae_concentric_dashed_squares_mild,
          uniq_sigmund
D:3:      layout_basic, gammafunk_ghost_nasty_kobolds, minmay_stone_trees_small
D:4:      layout_loops_ring, chequers_temple_overflow_minitemple, minmay_puff
D:5:      layout_loops_cross, zin_statuary
D:6:      layout_loops_cross, minmay_temple_entry_drinking_statues,
          hangedman_decor_points, uniq_crazy_yiuf_cottage, uniq_pikel,
          uniq_edmund
D:7:      layout_basic, grunt_gozag_breadcrumbs, item_on_display_a
D:8:      minmay_flawed_box, layout_rooms, uniq_gastronok, uniq_joseph
D:9:      layout_long_grid, due_lair_maze_entry_diamond
D:10:     layout_loops_ring, serial_shops, nicolae_shop_advertising_works
          [nicolae_subvault_shop_adworks], shop,
          nicolae_shop_temple_entry_statues_fountains, nicolae_shop_waterfront,
          st_stairs_7, nrook_mini_backslash
D:11:     layout_rooms, minmay_orc_entry_temple_small, gammafunk_ghost_grave,
          minmay_splitting_lines, uniq_erica
D:12:     layout_irregular_city, serial_glass, glass_columns_c, glass_columns_a,
          glass_columns_a, glass_columns_a, st_stairs_3, nicolae_eternal_life,
          minmay_tree_intersection
D:13:     layout_basic, portal_ice_cave_entry_pillars_1, uniq_erolcha
D:14:     layout_roguey, lightli_vaults_fourway_checkpoint, tso_altar,
          chequers_serial_rivers_small_3, uniq_josephine
D:15:     hangedman_depths_entry_try_elsewhere_first, layout_irregular_city,
          maelrawn_ghost_gauntlet_escape, palyth_stone_intersect,
          nicolae_ru_the_path_less_chosen
Temple:   bh_familiar_temple
Lair:1:   layout_roguey, beast_lair_carwin_9, serial_bayou_shore_a,
          uniq_amaemon, uniq_sonja, uniq_fannar
Lair:2:   layout_hall_layers, nicolae_spider_entry_tight_spaces,
          grunt_megastairs_5
Lair:3:   layout_chaotic_city, shoals_dummy_entry, grunt_megastairs_4,
          lemuel_fruit_fields, infiniplex_staircase_pool, uniq_snorg
Lair:4:   layout_gridlike, gauntlet_entry_generic, beast_lair_carwin_6,
          infiniplex_staircase_pool_2, lemuel_fruit_tree, lemuel_fruit_fields
Lair:5:   hangedman_lair_tendril_chambers, layout_gridlike,
          guppyfry_lair_end_dragon, dpeg_slime_entry_corner,
          gammafunk_ghost_berserking_beasts, serial_bayou_pond_c, uniq_rupert
Shoals:1: layout_shoals, nicolae_shoals_hidden_pirate_stash
Shoals:2: layout_shoals, nicolae_shoals_land_atoll, argonaut_gorgonesque,
          uniq_frances
Shoals:3: layout_shoals, hangedman_shoals_cup_caves, uniq_bai_suzhen
Shoals:4: shoals_end_grunt_ice, layout_shoals, shoal_ilsuiw,
          nicolae_shoals_seven_spires, abandoned_shop
Spider:1: layout_spider_delve
Spider:2: layout_spider_delve, nicolae_spider_altar_of_dancing
Spider:3: gammafunk_boulding_lane, uniq_roxanne
Spider:4: grunt_spider_rune_island, nicolae_spider_checkerboard, uniq_kirke
Orc:1:    layout_diamond_mine
Orc:2:    st_orc_pillars, layout_diamond_mine, uniq_urug
Elf:1:    nicolae_elf_arrival_no_cutting_in_line, layout_onion_city,
          ebering_ghost_reflecting_pool, minivault_28
Elf:2:    elven_hall_of_blades_hangedman_alternative [nicolae_blade_bullseye],
          layout_onion_city, nicolae_trove_entry_columns, serial_shops,
          nicolae_shop_hallway_plus
Elf:3:    minmay_elf_hall_furrowed, layout_loops_cross, dreamdust_wishing_well
Vaults:1: ontoclasm_vaults_idyll, st_hourglassy, v_misc_5, grunt_vaults_focal,
          v_misc_33, hangedman_vaults_locks, nicolae_vaults_network_barrier,
          nicolae_vaults_circle_grid_a, ontoclasm_vaults_loading_screen,
          dpeg_vaults_monster_box, layout_vaults_omnicross, serial_shops, shop
Vaults:2: minmay_crypt_entry_simple_corners, v_rooms_5,
          hangedman_vaults_capsules, ontoclasm_vaults_chip,
          nicolae_vaults_windows_and_doors_thing, nicolae_vaults_gold_heap,
          nicolae_vaults_little_squares_2, layout_vaults_omnigrid,
          uniq_frederick, uniq_mennas
Vaults:3: v_misc_1, vaults_room_ringed_pool, v_pattern_5, st_greater_box_4,
          vaults_mumra_hex, v_misc_5, hangedman_vaults_maws,
          hangedman_vaults_stream, ontoclasm_vaults_decontamination,
          grunt_vaults_hallway_long, nicolae_vaults_rhombus_6,
          layout_vaults_maze_bifur, uniq_donald
Depths:1: hangedman_cross_cluster, layout_cave_shapes, enter_ziggurat_f,
          hell_entry, nicolae_wu_jian_wuxing_cycle, serial_shops,
          nicolae_shop_temple_entry_statues_fountains, drop_trap,
          fedhas_altar_4, uniq_asterion
Depths:2: minmay_the_grid_4x2 [minmay_the_grid_dragon_a, minmay_the_grid_airy,
          minmay_the_grid_empty, minmay_the_grid_embedded,
          minmay_the_grid_slots, minmay_the_grid_medium_cups,
          minmay_the_grid_all_tris, minmay_the_grid_prize_diamond_cup],
          layout_gridlike, grunt_hell_horde, pan_entry, serial_shops, shop,
          chequers_serial_rivers_micro_c, uniq_saint_roka
Depths:3: minmay_quarter_circles, layout_basic, serial_shops, kennysheep_mini,
          shop, pan_entry, hell_entry, kennysheep_nondescript,
          minmay_room_of_horrors, serial_bayou_shore_b,
          minmay_staircase_windowed_large
Depths:4: evilmike_zot_entry_diamond, layout_gridlike,
          nicolae_qazlal_style_of_elements, abyss_entry, hell_entry,
          minmay_shoptagon

Skill      XL: |  1  2  3  4  5  6  7  8  9 10 11 12 13 14 15 16 17 18 19 20 21 22 |
---------------+-------------------------------------------------------------------+-----
Spellcasting   | 4 5 6 7 8 9 11 12 14 16 18 19 21 23 24 25 26 | 26.4
Earth Magic    | 4 5 6 7 8 9 11 12 13 14 15 16 17 18 | 18.2
Conjurations   | 3 5 6 7 8 10 11 12 13 14 15 16 17 18 | 18.1
Dodging        | 3 5 7 9 12 14 15 16 17 18 19 20 | 20.8
Stealth        | 3 5 8 9 10 11 12 13 14 15 16 | 16.0
Invocations    | 3 4 6 7 9 10 11 | 11.8
Fighting       | 3 5 6 7 8 |  8.8
Armour         | 2 3 4 5 |  5.8
Transmutations | 12 13 | 13.6
Shields        | 2 3 |  3.9

Action                   |  1- 3 |  4- 6 |  7- 9 | 10-12 | 13-15 | 16-18 | 19-21 | 22-24 || total
-------------------------+-------+-------+-------+-------+-------+-------+-------+-------++-------
Melee: Staff             |       |       |    11 |     9 |    82 |    22 |    17 |    52 ||   193
       Punch             |       |       |       |       |     1 |       |       |       ||     1
       Headbutt          |       |       |       |       |       |       |     1 |    19 ||    20
 Cast: Sandblast         |    44 |    45 |    16 |    27 |    16 |       |       |       ||   148
       Stone Arrow       |     2 |     2 |   148 |   376 |   811 |   707 |    38 |     9 ||  2093
       Passwall          |       |       |     8 |     2 |     6 |     5 |     5 |     3 ||    29
       Iron Shot         |       |       |       |       |       |   238 |   563 |   185 ||   986
       Statue Form       |       |       |       |       |       |       |    48 |    12 ||    60
       Lehudib's Crystal |       |       |       |       |       |       |       |     4 ||     4
Evoke: Wand              |       |       |       |       |    18 |     5 |       |    17 ||    40
  Use: Potion            |     3 |       |     5 |    14 |    15 |     7 |    12 |    14 ||    70
       Scroll            |       |    11 |     8 |    13 |    10 |    10 |     9 |     3 ||    64
 Stab: Distracted        |       |       |       |       |     1 |       |       |       ||     1
       Sleeping          |       |       |       |       |       |       |       |     1 ||     1
Armor: Robe              |       |     8 |    23 |     2 |       |       |       |       ||    33
       Steam dragon scal |       |       |       |    51 |    64 |       |       |       ||   115
       Skin              |       |       |       |     2 |   120 |       |   121 |    71 ||   314
       Swamp dragon scal |       |       |       |       |    79 |   181 |    43 |    39 ||   342
Dodge: Dodged            |     6 |     8 |    30 |   168 |   505 |   743 |   457 |   315 ||  2232
Block: Orb               |       |       |     2 |    45 |       |       |       |       ||    47
       Reflection        |       |       |     1 |     1 |       |       |     4 |    26 ||    32
       Buckler           |       |       |       |       |       |       |    43 |   139 ||   182
